| TOP OF THE 1ST |
|
Paris Cubs batting - Pitching for Trois-Riveres Aigles : RHP Juan Osorio
|
|
Pitching: RHP Juan Osorio
|
|
|
Batting: RHB Willie Rubio
|
0-0: Ground out 5-3 (Groundball, 56, EV 83.1 MPH)
|
|
Batting: LHB Tyler Schuettler
|
0-0: Ball 1-0: Foul Ball, location: 2F 1-1: Ball 2-1: Ground out 5-3 (Groundball, 56, EV 91.9 MPH)
|
|
Batting: LHB Jeremy Rideout
|
0-0: Ground out 6-3 (Groundball, 4MS, EV 87.5 MPH)
|
| Top of the 1st over - 0 runs, 0 hits, 0 errors, 0 left on base; Paris 0 - Trois-Riveres 0 |
| BOTTOM OF THE 1ST |
|
Trois-Riveres Aigles batting - Pitching for Paris Cubs : RHP Brendan Malzone
|
|
Pitching: RHP Brendan Malzone
|
|
|
Batting: RHB Luis Jara
|
0-0: Called Strike 0-1: Ball 1-1: Ball 2-1: Ground out 4-3 (Groundball, 4, EV 81.9 MPH)
|
|
Batting: RHB Sandoval Serzedelo
|
0-0: Ball 1-0: Foul Ball, location: 2F 1-1: Ground out 4-3 (Groundball, 4, EV 92.5 MPH)
|
|
Batting: LHB Ian Cranton
|
0-0: Ball 1-0: Ball 2-0: Ball 3-0: Base on Balls
|
|
Batting: SHB Derek Weaver
|
0-0: Ball 1-0: Fly out, F9 (Flyball, 9D, EV 103.1 MPH)
|
| Bottom of the 1st over - 0 runs, 0 hits, 0 errors, 1 left on base; Paris 0 - Trois-Riveres 0 |
| TOP OF THE 2ND |
|
Paris Cubs batting - Pitching for Trois-Riveres Aigles : RHP Juan Osorio
|
|
Batting: LHB David Mendez
|
0-0: Called Strike 0-1: Foul Ball, location: 2F 0-2: Ball 1-2: Ball 2-2: Ball 3-2: Fly out, F8 (Flyball, 8LXD, EV 85.6 MPH)
|
|
Batting: LHB Bobby Marlatt
|
0-0: Called Strike 0-1: Swinging Strike 0-2: Strikes out looking
|
|
Batting: RHB Mike Snider
|
0-0: Ball 1-0: Called Strike 1-1: Foul Ball, location: 2F 1-2: Fly out, F9 (Line Drive, 9S, EV 89.4 MPH)
|
| Top of the 2nd over - 0 runs, 0 hits, 0 errors, 0 left on base; Paris 0 - Trois-Riveres 0 |
| BOTTOM OF THE 2ND |
|
Trois-Riveres Aigles batting - Pitching for Paris Cubs : RHP Brendan Malzone
|
|
Batting: RHB Chris Davis
|
0-0: Ball 1-0: Ball 2-0: Foul Ball, location: 2F 2-1: Ball 3-1: Fly out, F9 (Flyball, 89S, EV 97.5 MPH)
|
|
Batting: RHB Micah Logan
|
0-0: Bunt missed! 0-1: Ball 1-1: Foul Ball, location: 2F 1-2: Ball 2-2: Foul Ball, location: 2F 2-2: Fly out, F7 (Flyball, 78D, EV 110.6 MPH)
|
|
Batting: RHB Alistair Holmes
|
0-0: Ball 1-0: Ground out 6-3 (Groundball, 4MS, EV 80.6 MPH)
|
| Bottom of the 2nd over - 0 runs, 0 hits, 0 errors, 0 left on base; Paris 0 - Trois-Riveres 0 |
| TOP OF THE 3RD |
|
Paris Cubs batting - Pitching for Trois-Riveres Aigles : RHP Juan Osorio
|
|
Batting: LHB Don Crockett
|
0-0: Called Strike 0-1: Ball 1-1: SOLO HOME RUN (Flyball, 9D, EV 104.4 MPH), Distance : 394 ft
|
|
Batting: SHB Shiroku Waki
|
0-0: Foul Ball, location: 2F 0-1: Ball 1-1: Ground out 4-3 (Groundball, 4M, EV 87.5 MPH)
|
|
Batting: RHB Michihisa Tanaka
|
0-0: Called Strike 0-1: Ball 1-1: Called Strike 1-2: Ball 2-2: Foul Ball, location: 2F 2-2: Strikes out swinging
|
|
Batting: RHB Willie Rubio
|
0-0: Fly out, F3 (Popup, 34, EV 69.4 MPH)
|
| Top of the 3rd over - 1 run, 1 hit, 0 errors, 0 left on base; Paris 1 - Trois-Riveres 0 |
| BOTTOM OF THE 3RD |
|
Trois-Riveres Aigles batting - Pitching for Paris Cubs : RHP Brendan Malzone
|
|
Batting: RHB Willie Acevedo
|
0-0: Foul Ball, location: 2F 0-1: Ball 1-1: Ground out 4-3 (Groundball, 4, EV 90.0 MPH)
|
|
Batting: RHB Ben Saxton
|
0-0: Called Strike 0-1: Ball 1-1: Swinging Strike 1-2: Strikes out swinging, 2-3 out at first.
|
|
Batting: RHB Luis Jara
|
0-0: Called Strike 0-1: Foul Ball, location: 2F 0-2: Ball 1-2: Ball 2-2: Foul Ball, location: 2F 2-2: Foul Ball, location: 2F 2-2: Foul Ball, location: 2F 2-2: SINGLE (Line Drive, 89M, EV 88.8 MPH)
|
|
Batting: RHB Sandoval Serzedelo
|
0-0: Ball 1-0: Ball Passed Ball! Luis Jara to second 2-0: Ball 3-0: Called Strike 3-1: Foul Ball, location: 2F 3-2: Foul Ball, location: 2F 3-2: Base on Balls
|
|
Batting: LHB Ian Cranton
|
0-0: Ball 1-0: Called Strike 1-1: Ball 2-1: Ball 3-1: Called Strike 3-2: SINGLE (Flyball, 5D, EV 90.0 MPH) Luis Jara to third Sandoval Serzedelo to second Luis Jara scores Sandoval Serzedelo to third
|
|
Pitching: LHP Mike Anderson
|
|
|
Pinch Hitting: RHB Gabe Wilcoxon
|
0-0: Called Strike 0-1: Ball 1-1: Foul Ball, location: 2F 1-2: Fly out, F6 (Popup, 6MD, EV 72.5 MPH)
|
| Bottom of the 3rd over - 1 run, 2 hits, 0 errors, 2 left on base; Paris 1 - Trois-Riveres 1 |
| TOP OF THE 4TH |
|
Paris Cubs batting - Pitching for Trois-Riveres Aigles : RHP Juan Osorio
|
|
Now in LF: Gabe Wilcoxon
|
|
|
Batting: LHB Tyler Schuettler
|
0-0: Foul Ball, location: 2F 0-1: Swinging Strike 0-2: Ball 1-2: Ball 2-2: Fly out, F5 (Popup, 5S, EV 81.2 MPH)
|
|
Batting: LHB Jeremy Rideout
|
0-0: Ball 1-0: Swinging Strike 1-1: Foul Ball, location: 2F 1-2: Ground out 4-3 (Groundball, 4, EV 84.4 MPH)
|
|
Batting: LHB David Mendez
|
0-0: Foul Ball, location: 2F 0-1: Ball 1-1: Foul Ball, location: 2F 1-2: Ground out 4-3 (Groundball, 4S, EV 80.0 MPH)
|
| Top of the 4th over - 0 runs, 0 hits, 0 errors, 0 left on base; Paris 1 - Trois-Riveres 1 |
| BOTTOM OF THE 4TH |
|
Trois-Riveres Aigles batting - Pitching for Paris Cubs : LHP Mike Anderson
|
|
Batting: RHB Chris Davis
|
0-0: Fly out, F3 (Popup, 3SF, EV 72.5 MPH)
|
|
Batting: RHB Micah Logan
|
0-0: Swinging Strike 0-1: Fly out, F8 (Flyball, 8LD, EV 85.6 MPH)
|
|
Batting: RHB Alistair Holmes
|
0-0: Foul Ball, location: 2F 0-1: Ball 1-1: Ground out U3 (Groundball, 3, EV 103.1 MPH)
|
| Bottom of the 4th over - 0 runs, 0 hits, 0 errors, 0 left on base; Paris 1 - Trois-Riveres 1 |
| TOP OF THE 5TH |
|
Paris Cubs batting - Pitching for Trois-Riveres Aigles : RHP Juan Osorio
|
|
Batting: LHB Bobby Marlatt
|
0-0: Foul Ball, location: 2F 0-1: Ball 1-1: Swinging Strike 1-2: TRIPLE (Flyball, 7D, EV 78.1 MPH)
|
|
Batting: RHB Mike Snider
|
0-0: Ball 1-0: Ground out 6-3 (Groundball, 6, EV 106.2 MPH) Bobby Marlatt scores
|
|
Batting: LHB Don Crockett
|
0-0: Called Strike 0-1: Ball 1-1: Ball 2-1: Ball 3-1: Ground out 6-3 (Groundball, 6, EV 81.9 MPH)
|
|
Batting: SHB Shiroku Waki
|
0-0: SINGLE (Flyball, 89S, EV 90.0 MPH)
|
|
Batting: RHB Michihisa Tanaka
|
0-0: Called Strike 0-1: Swinging Strike 0-2: Ball 1-2: Ball 2-2: Strikes out looking
|
| Top of the 5th over - 1 run, 2 hits, 0 errors, 1 left on base; Paris 2 - Trois-Riveres 1 |
| BOTTOM OF THE 5TH |
|
Trois-Riveres Aigles batting - Pitching for Paris Cubs : LHP Mike Anderson
|
|
Batting: RHB Willie Acevedo
|
0-0: Called Strike 0-1: Ball 1-1: Fly out, F8 (Flyball, 78D, EV 95.6 MPH)
|
|
Batting: RHB Ben Saxton
|
0-0: Ball 1-0: Foul Ball, location: 2F 1-1: Swinging Strike 1-2: Ball 2-2: Ball 3-2: Foul Ball, location: 2F 3-2: Base on Balls
|
|
Pitching: RHP Justin Rodrigues
|
|
|
Batting: RHB Luis Jara
|
0-0: Ball 1-0: Ball 2-0: Ball Passed Ball! Ben Saxton to second 3-0: Called Strike 3-1: Base on Balls
|
|
Batting: RHB Sandoval Serzedelo
|
0-0: Ball 1-0: Foul Ball, location: 2F 1-1: Ball 2-1: 3-RUN HOME RUN (Flyball, 7LD, EV 94.4 MPH), Distance : 348 ft
|
|
Batting: LHB Ian Cranton
|
0-0: Foul Ball, location: 2F 0-1: Swinging Strike 0-2: Ball 1-2: Strikes out looking
|
|
Batting: RHB Gabe Wilcoxon
|
0-0: Ball 1-0: Swinging Strike 1-1: Foul Ball, location: 2F 1-2: SINGLE (Line Drive, 8LM, EV 102.5 MPH)
|
|
Batting: RHB Chris Davis
|
0-0: Ball 1-0: Ball 2-0: Ball 3-0: Called Strike 3-1: Base on Balls Gabe Wilcoxon to second
|
|
Pitching: RHP Kichijo Robinson
|
|
|
Batting: RHB Micah Logan
|
0-0: Single, Error in OF, E7, batter to second base (Groundball, 56D, EV 96.2 MPH) Gabe Wilcoxon scores Chris Davis to third
|
|
Batting: RHB Alistair Holmes
|
0-0: 3-RUN HOME RUN (Flyball, 78XD, EV 110.0 MPH), Distance : 449 ft
|
|
Batting: RHB Willie Acevedo
|
0-0: Called Strike 0-1: Foul Ball, location: 2F 0-2: Foul Ball, location: 2F 0-2: Foul Ball, location: 2F 0-2: Ball 1-2: Foul Ball, location: 2F 1-2: Foul Ball, location: 2F 1-2: Ball 2-2: Strikes out swinging wild pitch, reaches first!
|
|
Batting: RHB Ben Saxton
|
0-0: Called Strike 0-1: Ground out 4-3 (Groundball, 34, EV 84.4 MPH)
|
| Bottom of the 5th over - 7 runs, 4 hits, 1 error, 1 left on base; Paris 2 - Trois-Riveres 8 |
| TOP OF THE 6TH |
|
Paris Cubs batting - Pitching for Trois-Riveres Aigles : RHP Juan Osorio
|
|
Batting: RHB Willie Rubio
|
0-0: Swinging Strike 0-1: Foul Ball, location: 2F 0-2: Ball 1-2: Strikes out swinging
|
|
Batting: LHB Tyler Schuettler
|
0-0: Swinging Strike 0-1: Fly out, F8 (Flyball, 78M, EV 89.4 MPH)
|
|
Batting: LHB Jeremy Rideout
|
0-0: Foul Ball, location: 2F 0-1: Ball 1-1: Foul Ball, location: 2F 1-2: Ball 2-2: Strikes out swinging
|
| Top of the 6th over - 0 runs, 0 hits, 0 errors, 0 left on base; Paris 2 - Trois-Riveres 8 |
| BOTTOM OF THE 6TH |
|
Trois-Riveres Aigles batting - Pitching for Paris Cubs : RHP Kichijo Robinson
|
|
Batting: RHB Luis Jara
|
0-0: Ball 1-0: Called Strike 1-1: Ball 2-1: Single, Error in OF, E8, batter to second base (Line Drive, 4MD, EV 93.8 MPH)
|
|
Batting: RHB Sandoval Serzedelo
|
0-0: Ball 1-0: Called Strike 1-1: Ground out 5-3 (Groundball, 56, EV 102.5 MPH)
|
|
Pitching: RHP Tyler McCoy
|
|
|
Batting: LHB Ian Cranton
|
0-0: Foul Ball, location: 2F 0-1: Called Strike 0-2: Foul Ball, location: 2F 0-2: Ball 1-2: Foul Ball, location: 2F 1-2: Ball 2-2: Ball 3-2: Foul Ball, location: 2F 3-2: SINGLE (Line Drive, 9S, EV 107.5 MPH) Luis Jara to third Runner from 3rd tries for Home, SAFE, throw by RF to home
|
|
Batting: RHB Gabe Wilcoxon
|
0-0: Called Strike 0-1: Ball 1-1: Foul Ball, location: 2F 1-2: Ball 2-2: Foul Ball, location: 2F 2-2: Foul Ball, location: 2F 2-2: SINGLE (Groundball, 4D, EV 101.9 MPH) Ian Cranton to second
|
|
Batting: RHB Chris Davis
|
0-0: Ball 1-0: Ball 2-0: Ball 3-0: Base on Balls Ian Cranton to third Gabe Wilcoxon to second
|
|
Pitching: LHP Dusty Blubaugh
|
|
|
Batting: RHB Micah Logan
|
0-0: Swinging Strike 0-1: Ball 1-1: Foul Ball, location: 2F 1-2: Strikes out swinging
|
|
Batting: RHB Alistair Holmes
|
0-0: Fly out, F7 (Flyball, 78S, EV 91.9 MPH)
|
| Bottom of the 6th over - 1 run, 3 hits, 1 error, 3 left on base; Paris 2 - Trois-Riveres 9 |
| TOP OF THE 7TH |
|
Paris Cubs batting - Pitching for Trois-Riveres Aigles : RHP Juan Osorio
|
|
Batting: LHB David Mendez
|
0-0: Called Strike 0-1: Ball 1-1: Swinging Strike 1-2: Strikes out swinging
|
|
Batting: LHB Bobby Marlatt
|
0-0: Ball 1-0: Ball 2-0: Foul Ball, location: 2F 2-1: Swinging Strike 2-2: Ball 3-2: Strikes out swinging
|
|
Batting: RHB Mike Snider
|
0-0: Ball 1-0: Fly out, F8 (Line Drive, 78D, EV 88.8 MPH)
|
| Top of the 7th over - 0 runs, 0 hits, 0 errors, 0 left on base; Paris 2 - Trois-Riveres 9 |
| BOTTOM OF THE 7TH |
|
Trois-Riveres Aigles batting - Pitching for Paris Cubs : LHP Dusty Blubaugh
|
|
Batting: RHB Willie Acevedo
|
0-0: Foul Ball, location: 2F 0-1: Ball 1-1: Foul Ball, location: 2F 1-2: Ball 2-2: Ball 3-2: Foul Ball, location: 2F 3-2: Foul Ball, location: 2F 3-2: Hit by Pitch
|
|
Batting: RHB Ben Saxton
|
0-0: Called Strike 0-1: Ball 1-1: Ball 2-1: Swinging Strike 2-2: Ball 3-2: Fly out, F6 (Popup, 6S, EV 71.2 MPH)
|
|
Batting: RHB Luis Jara
|
0-0: Ball 1-0: Fly out, F9 (Line Drive, 9, EV 90.6 MPH)
|
|
Batting: RHB Sandoval Serzedelo
|
0-0: SINGLE (Line Drive, 6MD, EV 96.2 MPH) Willie Acevedo to second
|
|
Pinch Hitting: RHB Carlos Ruelas
|
0-0: Called Strike 0-1: Foul Ball, location: 2F 0-2: Ball 1-2: Strikes out swinging
|
| Bottom of the 7th over - 0 runs, 1 hit, 0 errors, 2 left on base; Paris 2 - Trois-Riveres 9 |
| TOP OF THE 8TH |
|
Paris Cubs batting - Pitching for Trois-Riveres Aigles : RHP Juan Osorio
|
|
Now at 1B: Toshikatsu Omori
|
|
|
Batting: LHB Don Crockett
|
0-0: Ball 1-0: Ball 2-0: Swinging Strike 2-1: Swinging Strike 2-2: Ball 3-2: Foul Ball, location: 2F 3-2: Base on Balls
|
|
Batting: SHB Shiroku Waki
|
0-0: Fly out, F9 (Flyball, 9, EV 81.2 MPH)
|
|
Batting: RHB Michihisa Tanaka
|
0-0: Swinging Strike 0-1: Ball 1-1: Ball 2-1: Ball 3-1: Foul Ball, location: 2F 3-2: Base on Balls Don Crockett to second
|
|
Batting: RHB Willie Rubio
|
0-0: Ball 1-0: Called Strike 1-1: Foul Ball, location: 2F 1-2: Ball 2-2: Ball 3-2: Foul Ball, location: 2F 3-2: Fielders Choice at 2nd, 1-4 (Groundball, 15S, EV 67.5 MPH) Don Crockett to third
|
|
Pitching: RHP Jonathan Holland
|
|
|
Batting: LHB Tyler Schuettler
|
0-0: Ball 1-0: Fly out, F5 (Popup, 56S, EV 85.6 MPH)
|
| Top of the 8th over - 0 runs, 0 hits, 0 errors, 2 left on base; Paris 2 - Trois-Riveres 9 |
| BOTTOM OF THE 8TH |
|
Trois-Riveres Aigles batting - Pitching for Paris Cubs : LHP Dusty Blubaugh
|
|
Batting: RHB Gabe Wilcoxon
|
0-0: Ball 1-0: Ball 2-0: Foul Ball, location: 2F 2-1: Reached on error, E4 (Groundball, 4, EV 87.5 MPH)
|
|
Batting: RHB Chris Davis
|
0-0: Called Strike 0-1: Called Strike 0-2: Ball 1-2: Foul Ball, location: 2F 1-2: Ball 2-2: Foul Ball, location: 2F 2-2: Strikes out swinging
|
|
Batting: RHB Micah Logan
|
0-0: Called Strike 0-1: Called Strike 0-2: Strikes out swinging
|
|
Batting: RHB Alistair Holmes
|
0-0: SINGLE (Flyball, 8LS, EV 95.6 MPH) Gabe Wilcoxon to third Runner from 3rd tries for Home, SAFE, throw by CF to home
|
|
Batting: RHB Willie Acevedo
|
0-0: Ball 1-0: Ball 2-0: Ball 3-0: Foul Ball, location: 2F 3-1: Foul Ball, location: 2F 3-2: Foul Ball, location: 2F 3-2: Foul Ball, location: 2F 3-2: Foul Ball, location: 2F 3-2: Base on Balls Alistair Holmes to second
|
|
Batting: RHB Ben Saxton
|
0-0: Foul Ball, location: 2F 0-1: Ball 1-1: SINGLE (Line Drive, 8RS, EV 105.6 MPH) Alistair Holmes to third Willie Acevedo to second
|
|
Batting: RHB Luis Jara
|
0-0: Ball 1-0: Ball 2-0: Called Strike 2-1: Ball 3-1: Base on Balls Alistair Holmes scores Willie Acevedo to third Ben Saxton to second
|
|
Batting: RHB Sandoval Serzedelo
|
0-0: Ball 1-0: Fly out, F3 (Popup, 23F, EV 87.5 MPH)
|
| Bottom of the 8th over - 2 runs, 2 hits, 1 error, 3 left on base; Paris 2 - Trois-Riveres 11 |
| TOP OF THE 9TH |
|
Paris Cubs batting - Pitching for Trois-Riveres Aigles : RHP Jonathan Holland
|
|
Pinch Hitting: RHB Juan Tarin
|
0-0: Ball 1-0: Fly out, F7 (Flyball, 7D, EV 95.6 MPH)
|
|
Batting: LHB David Mendez
|
0-0: Swinging Strike 0-1: Ball 1-1: SOLO HOME RUN (Flyball, 9D, EV 99.4 MPH), Distance : 390 ft
|
|
Batting: LHB Bobby Marlatt
|
0-0: Ball 1-0: Called Strike 1-1: Swinging Strike 1-2: Strikes out swinging
|
|
Batting: RHB Mike Snider
|
0-0: Fly out, F9 (Flyball, 89S, EV 90.0 MPH)
|
| Top of the 9th over - 1 run, 1 hit, 0 errors, 0 left on base; Paris 3 - Trois-Riveres 11 |
|